 Dungeon Crawl Stone Soup version 0.29-a0-582-ge82337ba6a (webtiles) character file.

Game seed: 4941928379008368283

44 shadowstone the Covered (level 3, 0/33 HPs)
             Began as a Minotaur Fighter on June 15, 2022.
             Was a Follower of Fedhas.
             Succumbed to a goblin's poison
             ... on level 3 of the Dungeon.
             The game lasted 00:03:00 (914 turns).

shadowstone the Covered (Minotaur Fighter)           Turns: 914, Time: 00:03:00

Health: 0/33       AC:  7    Str: 22    XL:     3   Next: 41%
Magic:  2/2        EV:  9    Int:  5    God:    Fedhas [*.....]
Gold:   53         SH:  4    Dex:  9    Spells: 2/2 levels left

rFire   . . .      SeeInvis .   a - +0 long sword
rCold   . . .      Faith    .   c - +0 buckler
rNeg    . . .      Spirit   .   b - +0 scale mail
rPois   .          Reflect  .   (helmet restricted)
rElec   .          Harm     .   (no cloak)
rCorr   .          Rampage  .   (no gloves)
Will    .....                   (no boots)
Stlth   ..........              (no amulet)
HPRegen 0.11/turn               (no ring)
MPRegen 0.08/turn               (no ring)

@: lethally poisoned (0 -> -1)
A: horns 2, retaliatory headbutt
a: Renounce Religion


You were on level 3 of the Dungeon.
You worshipped Fedhas.
Fedhas was aware of your devotion.
You visited 1 branch of the dungeon, and saw 3 of its levels.

You collected 53 gold pieces.

Inventory:

Hand Weapons
 a - a +0 long sword (weapon)
Armour
 b - a +0 scale mail (worn)
 c - a +0 buckler (worn)
Magical Staves
 j - a staff of air
Scrolls
 e - a scroll of magic mapping {unknown}
 f - a scroll of identify {unknown}
 g - a scroll of blinking {unknown}
 h - a scroll of immolation
 i - a scroll of teleportation {unknown}
Potions
 d - a potion of might


   Skills:
 + Level 4.0 Fighting
 + Level 3.0 Long Blades
 + Level 4.3 Armour
 + Level 0.1 Dodging
 + Level 4.1 Shields


You had 2 spell levels left.
You didn't know any spells.
Your spell library was empty.

Dungeon Overview and Level Annotations

Branches:
Dungeon (2/15)

Altars:
Fedhas


Innate Abilities, Weirdness & Mutations

You have a pair of horns on your head.
You reflexively headbutt those who attack you in melee.


Message History

You hit the orc.
The orc is almost dead.
The orc misses you. The worm bites you but does no damage.
You hit the orc.
You kill the orc!
Fedhas appreciates your contribution to the ecosystem.
The worm bites you!
Your Long Blades skill increases to level 3!
You closely miss the goblin. Your headbutt misses the goblin.
You block the goblin's attack.
The goblin hits you with a +2 dagger of venom.
The worm bites you.
You barely miss the goblin.
The goblin hits you with a +2 dagger of venom.
You are lethally poisoned!
You hit the goblin.
You kill the goblin!
Fedhas appreciates your contribution to the ecosystem.
You feel very sick. You block the worm's attack.
* * * LOW HITPOINT WARNING * * *
You feel sick. The worm bites you but does no damage.
Things that are here:
a +2 dagger of venom; a +0 whip; a goblin corpse
* * * LOW HITPOINT WARNING * * *
You feel sick.
* * * LOW HITPOINT WARNING * * *
You feel sick.
* * * LOW HITPOINT WARNING * * *
You feel sick.
* * * LOW HITPOINT WARNING * * *
You feel sick.
You hit the worm.
The worm is lightly wounded.
* * * LOW HITPOINT WARNING * * *
You feel sick. The worm closely misses you.
You hit the worm.
The worm is lightly wounded.
You die...
Fedhas appreciates your contribution to the ecosystem.

....# #...# .###
#...# ...#######
#...#
###.......####...####
....................
#.##.(.......[.....
#..>...............
#.@w).!.####...####
###..#### #...#
.....# #...# #.##..#
#...# .. ...# #...#
.. #.... #...# .
#..### #..#


You could see a worm.

Vanquished Creatures
  An adder (D:2)
  A dart slug (D:1)
  An orc (D:3)
  4 bats (D:1)
  6 endoplasms
  3 giant cockroaches (D:1)
  2 hobgoblins
  2 kobolds (D:1)
  4 ball pythons
  A frilled lizard (D:2)
  2 goblins
  2 rats (D:1)
29 creatures vanquished.

Notes
Turn   | Place    | Note
-------+----------+-------------------------------------------
     0 | D:1      | shadowstone the Minotaur Fighter began the quest for the
                  | Orb.
     0 | D:1      | Reached XP level 1. HP: 19/19 MP: 0/0
   100 | D:1      | Reached XP level 2. HP: 13/27 MP: 1/1
   546 | D:1      | Found a faded altar of an unknown god.
   569 | D:1      | Prayed at the altar of an unknown god.
   569 | D:1      | Became a worshipper of Fedhas Madash
   569 | D:1      | Reached * piety under Fedhas
   821 | D:2      | Reached XP level 3. HP: 30/33 MP: 2/2
   883 | D:2      | You fall into a shaft and drop 1 floor!
   914 | D:3      | Succumbed to a goblin's poison

Illustrated notes

Levels and vault maps discovered:
D:1:      dpeg_arrival_simpleton_b, layout_basic,
          hellmonk_ecumenical_altar_blasted
D:2:      layout_basic, chequers_serial_rivers_micro_d, minmay_statues_item
D:3:      layout_loops_cross

Skill      XL: |  1  2  3 |
---------------+----------+-----
Shields        | 4 |  4.1
Armour         | 4 |  4.3
Fighting       | 4 |  4.0
Long Blades    | 3 |  3.0
Dodging        | |  0.1

Action                   || total
-------------------------++-------
Melee: Long sword        ||    59
       Headbutt          ||     3
Armor: Scale mail        ||    38
Dodge: Dodged            ||    49
Block: Buckler           ||    14

Table legend: (Time is in decaauts)
 A = Elapsed time spent in this place.
 B = Non-inter-level travel time spent in this place.
 C = Inter-level travel time spent in this place.
 D = Time resting spent in this place.
 E = Time spent auto-exploring this place.
 F = Levels seen in this place.
 G = Mean time per level.
                   A        B        C        D        E       F      G
               +--------+--------+--------+--------+--------+-----+--------+
         Total |    932 |    932 |      0 |    146 |      0 |   3 |  310.7 |
       Dungeon |    932 |    932 |      0 |    146 |      0 |   3 |  310.7 |
               +--------+--------+--------+--------+--------+-----+--------+

Top non-repeatable levels by time:
     D:1: 669 daAuts
     D:2: 230 daAuts
     D:3: 32 daAuts
